 Dungeon Crawl Stone Soup version 0.21.1-1-g345015f (webtiles) character file.

77 grindst0ne the Shooter (level 4, 0/36 HPs)
             Began as a Centaur Hunter on Feb 28, 2018.
             Slain by a worm (2 damage)
             ... on level 3 of the Dungeon.
             The game lasted 00:04:10 (1441 turns).

grindst0ne the Shooter (Centaur Hunter)             Turns: 1441, Time: 00:04:10

Health: 0/36       AC:  9    Str: 15    XL:     4   Next: 14%
Magic:  13/13      EV:  7    Int: 11    God:
Gold:   69         SH:  0    Dex:  9    Spells: 3/3 levels left

rFire    . . .     SeeInvis .   b - +0 short sword
rCold    . . .     Gourm    .   (no shield)
rNeg     . . .     Faith    .   c - +0 leather armour
rPois    .         Spirit   .   (no helmet)
rElec    .         Reflect  .   (no cloak)
rCorr    .         Harm     .   m - +0 pair of gloves
MR       .....                  j - +0 centaur barding
Stlth    ..........             (no amulet)
HPRegen  0.12/turn              s - ring of loudness (curse)
MPRegen  0.13/turn              o - ring of magical power

@: very quick
A: large, hooves 3, deformed body, speed 2, tough skin 3
a: no special abilities


You were on level 3 of the Dungeon.
You were not hungry.

You visited 1 branch of the dungeon, and saw 3 of its levels.

You collected 69 gold pieces.

Inventory:

Hand Weapons
 a - a +2 shortbow
 b - a +0 short sword (weapon)
Missiles
 d - 10 arrows
Armour
 c - a +0 leather armour (worn)
 j - a +0 centaur barding (worn)
 m - a +0 pair of gloves (worn)
Jewellery
 h - an uncursed ring of positive energy
 o - a ring of magical power (right hand)
 s - a cursed ring of loudness (left hand)
Scrolls
 g - a scroll of enchant armour
 i - 2 scrolls of teleportation
 p - a scroll of blinking {unknown}
 r - a scroll of amnesia
 t - a scroll of noise
 u - a scroll of fog {unknown}
Potions
 e - 3 potions of degeneration
 k - a potion of mutation {unknown}
 l - a potion of invisibility {unknown}
 n - 2 potions of brilliance
Comestibles
 f - 2 rations
 q - 3 chunks of flesh


   Skills:
 - Level 2.0 Fighting
 + Level 7.5 Bows
 - Level 1.3 Dodging
 - Level 0.4 Stealth


You had 3 spell levels left.
You didn't know any spells.

Dungeon Overview and Level Annotations

Branches:
Dungeon (3/15)

Altars:
Sif Muna


Innate Abilities, Weirdness & Mutations

You have hooves in place of feet.
Armour fits poorly on your strangely shaped body.
You cover ground very quickly.
You have extremely tough skin. (AC +3)


Message History

Things that are here:
3 arrows; a ring mail; an orc corpse
d - 5 arrows (gained 3)
You see here 4 arrows.
d - 9 arrows (gained 4)
You see here an arrow.
d - 10 arrows (gained 1)
The orc wizard casts a spell at you. The magic dart hits you!
* * * LOW HITPOINT WARNING * * *
You see here an arrow.
You see here an arrow.
The orc wizard gestures wildly while chanting.
The orc wizard seems to speed up.
The orc wizard points at you and mumbles some strange words.
The puff of frost hits you!
* * * LOW HITPOINT WARNING * * *
A worm comes into view.
The worm bites you.
You die...

#
#.###########.
#.............
#....w@#
#.####.######
#.#.... #.#..#
#.#..# ..
#....# ...
###.##
..##+#######
#.#
..........#
#(#


You could see a worm.

Vanquished Creatures
  An adder (D:2)
  An ooze (D:1)
  2 worms (D:2)
  3 leopard geckos
  An orc (D:3)
  2 ball pythons
  3 bats
  A giant cockroach (D:2)
  2 hobgoblins (D:2)
  2 jackals (D:1)
  A frilled lizard (D:2)
  7 goblins
  6 kobolds
  3 rats
35 creatures vanquished.

Vanquished Creatures (others)
  An orc wizard (D:3)
1 creature vanquished.

Grand Total: 36 creatures vanquished

Notes
Turn   | Place    | Note
-------+----------+-------------------------------------------
     0 | D:1      | grindst0ne the Centaur Hunter began the quest for the Orb.
     0 | D:1      | Reached XP level 1. HP: 17/17 MP: 1/1
   282 | D:1      | Reached XP level 2. HP: 24/24 MP: 2/2
   296 | D:1      | Reached skill level 6 in Bows
   838 | D:2      | Reached XP level 3. HP: 24/29 MP: 3/3
   945 | D:2      | Found a deep blue altar of Sif Muna.
  1011 | D:2      | Reached skill level 7 in Bows
  1386 | D:3      | Reached XP level 4. HP: 15/36 MP: 4/4
  1441 | D:3      | Slain by a worm

Skill      XL: |  1  2  3 |
---------------+----------+-----
Bows           | 6 7 |  7.5
Fighting       | |  2.0
Dodging        | |  1.3
Stealth        | |  0.4

Action                   |  1- 3 |  4- 6 || total
-------------------------+-------+-------++-------
Melee: Short sword       |    14 |     4 ||    18
       Kick              |     6 |     1 ||     7
 Fire: Shortbow          |    98 |       ||    98
  Use: Scroll            |     8 |       ||     8
Armor: Leather armour    |    25 |     2 ||    27
Dodge: Dodged            |    17 |       ||    17
